 Dungeon Crawl Stone Soup version 0.29.1-15-g9cfb28693d (webtiles) character file.

Game seed: 8185797416319581705

131 Heoruswealwe the Magician (level 4, -1/24 HPs)
             Began as a Deep Elf Earth Elementalist on Mar 25, 2023.
             Slain by an iguana (8 damage)
             ... on level 3 of the Dungeon.
             The game lasted 00:23:58 (2034 turns).

Heoruswealwe the Magician (DEEE)                    Turns: 2034, Time: 00:23:59

Health: -1/24      AC:  5    Str:  5    XL:     4   Next: 91%
Magic:  1/12       EV: 12    Int: 22    God:
Gold:   167        SH:  0    Dex: 15    Spells: 2/12 levels left

rFire   + . .      SeeInvis .   c - +0 hand axe
rCold   . . .      Faith    .   (no shield)
rNeg    . . .      Spirit   .   f - +2 robe {rF+}
rPois   .          Reflect  .   (no helmet)
rElec   .          Harm     .   i - +0 cloak
rCorr   .          Rampage  .   (no gloves)
Will    .....                   (no boots)
Stlth   ++........              (no amulet)
HPRegen 0.08/turn               (no ring)
MPRegen 0.13/turn               (no ring)

@: studying Throwing
A: no striking features
a: no special abilities


You were on level 3 of the Dungeon.
You visited 1 branch of the dungeon, and saw 3 of its levels.

You collected 167 gold pieces.

Inventory:

Hand Weapons
 c - a +0 hand axe (weapon)
Armour
 f - a +2 robe of fire resistance (worn)
 i - a +0 cloak (worn)
Scrolls
 e - a scroll of acquirement {unknown}
 g - a scroll of teleportation {unknown}
Potions
 a - a potion of resistance
 b - a potion of magic
 d - 2 potions of curing {unknown}


   Skills:
 - Level 2.4 Dodging
 - Level 2.4 Stealth
 * Level 4.9 Spellcasting
 + Level 2.4 Transmutations
 * Level 4.7 Earth Magic


You had 2 spell levels left.
You knew the following spells:

 Your Spells              Type           Power      Damage    Failure   Level
a - Sandblast             Erth           52%        2d12      1%          1
b - Stone Arrow           Conj/Erth      30%        3d8       12%         3
c - Petrify               Tmut/Erth      21%        N/A       24%         4
z - Passwall              Tmut/Erth      17%        N/A       3%          2

Your spell library contained the following spells:

 Spells                   Type           Power      Damage    Failure   Level
 Apportation              Tloc           10%        N/A       11%         1
 Necrotise                Necr           20%        1d5       11%         1
 Summon Small Mammal      Summ           20%        N/A       11%         1


Dungeon Overview and Level Annotations

Branches:
Dungeon (3/15)

Altars:
Trog


Message History

An endoplasm comes into view.
The blast of sand hits the endoplasm!
You kill the endoplasm!
The blast of sand hits the endoplasm.
The endoplasm is almost dead.
The endoplasm barely misses you.
The blast of sand hits the endoplasm!
You kill the endoplasm!
The blast of sand hits the adder!
You kill the adder!
The ball python closely misses you. The ball python barely misses you.
The blast of sand hits the ball python!
You kill the ball python!
The blast of sand hits the worm.
The worm is moderately wounded.
The worm bites you.
The blast of sand hits the worm!
You kill the worm!
You see here a worm corpse.
An iguana comes into view.
The iguana hisses angrily.
Things that are here:
a +0 short sword; a kobold corpse The blast of sand misses the iguana.
The blast of sand hits the iguana but does no damage.
The iguana barely misses you.
The blast of sand hits the iguana but does no damage.
The iguana bites you but does no damage.
The iguana bites you!
* * * LOW HITPOINT WARNING * * *
You are too injured to fight recklessly!
Casting: Sandblast (safe; 1% risk of failure)
Confirm with . or Enter, or press ? or * to list all spells.
Aiming: Sandblast (safe; 1% risk of failure)
Press: ? - help, Shift-Dir - straight line, f/p - iguana
Aim: an iguana (85% to hit)
The blast of sand hits the iguana!
The iguana is moderately wounded.
The iguana bites you!
You die...

#.##
#.######.......######
...# #.### #.............
.### #...# #.......##
.).# ###.##
#.......######## #.##
##..###...............
..# #.........##...###..
#######.###.#..###.#.#
...).[......<..###..†#
###........(....@.###...#
#.............#l# )#.#
#...............# #. .#
#####'####...###. #† ..
#.# #.#.# .# #. ..
#######.# #.#.## .. #. #
........####..... ##. ##
.....#....# ##..# #
.....#....# #..


You could see an iguana.

Vanquished Creatures
  2 adders
  4 gnolls (D:3)
  A worm (D:3)
  A dart slug (D:3)
  An orc (D:3)
  8 endoplasms
  2 giant cockroaches (D:1)
  A goblin (D:3)
  8 hobgoblins
  4 jackals (D:3)
  7 kobolds
  4 quokkas
  4 ball pythons
  2 bats
  5 frilled lizards
  12 rats
66 creatures vanquished.

Vanquished Creatures (others)
  10 fungi (D:1)
  78 plants (D:1)
88 creatures vanquished.

Grand Total: 154 creatures vanquished

Notes
Turn   | Place    | Note
-------+----------+-------------------------------------------
     0 | D:1      | Heoruswealwe the Deep Elf Earth Elementalist began the
                  | quest for the Orb.
     0 | D:1      | Reached XP level 1. HP: 10/10 MP: 6/6
   225 | D:1      | Reached XP level 2. HP: 7/15 MP: 1/8
   228 | D:1      | Learned a level 2 spell: Passwall
  1010 | D:2      | Reached XP level 3. HP: 19/19 MP: 3/10
  1112 | D:2      | Learned a level 3 spell: Stone Arrow
  1200 | D:2      | Found a faded altar of an unknown god.
  1263 | D:2      | Prayed at the altar of an unknown god.
  1263 | D:2      | Became a worshipper of Trog the Wrathful
  1263 | D:2      | Reached * piety under Trog
  1264 | D:2      | Fell from the grace of Trog
  1592 | D:3      | Reached XP level 4. HP: 24/24 MP: 8/12
  1653 | D:3      | Paralysed by Trog for 3 turns
  1719 | D:3      | Learned a level 4 spell: Petrify
  2034 | D:3      | Slain by an iguana

Illustrated notes

Levels and vault maps discovered:
D:1:      lemuel_arrival_muddy, layout_rooms, dk_noncrumbling_4,
          serial_bayou_lagoon_a, minmay_door_square
D:2:      layout_rooms, chequers_ecumenical_altar_island
D:3:      layout_basic, minmay_misc_feat_alley, minmay_tree_intersection,
          minmay_starry_boxes

Skill      XL: |  1  2  3 |
---------------+----------+-----
Spellcasting   | 4 |  4.9
Earth Magic    | 4 |  4.7
Transmutations | 2 |  2.4
Dodging        | |  2.4
Stealth        | |  2.4

Action                   |  1- 3 |  4- 6 || total
-------------------------+-------+-------++-------
Melee: Hand axe          |   160 |       ||   160
       Punch             |     2 |       ||     2
 Cast: Sandblast         |    58 |    36 ||    94
       Passwall          |       |     1 ||     1
Invok: Renounce Religion |     1 |       ||     1
  Use: Potion            |     3 |       ||     3
       Scroll            |     2 |     1 ||     3
Armor: Robe              |     7 |     2 ||     9
Dodge: Dodged            |    20 |     6 ||    26
